 Dungeon Crawl Stone Soup version 0.23.1 (webtiles) character file.

Game seed: 0

23821 zedzed the Cleaver (level 13, -2/87 HPs)
             Began as a Gargoyle Fighter on Mar 6, 2019.
             Was a High Priest of Okawaru.
             Slain by a 20-headed hydra (10 damage)
             ... on level 1 of the Lair of Beasts on Mar 8, 2019.
             The game lasted 00:59:11 (16324 turns).

zedzed the Cleaver (Gargoyle Fighter)              Turns: 16324, Time: 00:59:12

Health: -2/87      AC: 24    Str: 27    XL:     13   Next: 9%
Magic:  17/17      EV: 10    Int: 10    God:    Okawaru [*****.]
Gold:   832        SH:  5    Dex: 12    Spells: 12/12 levels left

rFire    . . .     SeeInvis .   y - +3 hand axe (elec)
rCold    . . .     Gourm    .   b - +1 buckler {AC+3}
rNeg     + . .     Faith    .   M - +3 ring mail
rPois    ∞         Spirit   .   (no helmet)
rElec    +         Reflect  .   J - +0 cloak {+Inv}
rCorr    .         Harm     .   I - +0 pair of gloves {Str+3}
MR       .....                  Q - +0 pair of boots
Stlth    +.........             (no amulet)
HPRegen  0.24/turn              A - +3 ring of dexterity
MPRegen  0.15/turn              (no ring)

@: no status effects
A: negative energy resistance 1, electricity resistance, unbreathing,
petrification resistance, rot immunity, AC +9
a: Heroism, Finesse, Renounce Religion, Evoke Invisibility


You were on level 1 of the Lair of Beasts.
You worshipped Okawaru.
Okawaru was extremely pleased with you.
You were not hungry.

You visited 3 branches of the dungeon, and saw 15 of its levels.
You also visited: Ossuary.

You collected 882 gold pieces.
You spent 50 gold pieces at shops.

Inventory:

Hand Weapons
 t - a cursed -2 hunting sling
 y - a +3 hand axe of electrocution (weapon)
 D - a +2 war axe
Missiles
 j - 326 stones (quivered)
 n - 38 sling bullets
Armour
 b - a +1 buckler of protection (worn)
 c - a +1 shield
 I - a +0 pair of gloves of strength (worn)
 J - a +0 cloak of invisibility (worn)
 M - a +3 ring mail (worn)
 Q - a +0 pair of boots (worn)
Jewellery
 A - a +3 ring of dexterity (left hand)
 P - the ring "Boum Dat" {rElec rF+ rC+ Dex+3 SInv}
   (You took it off an orc on level 12 of the Dungeon)

   [ring of protection from fire]

   It affects your dexterity (+3).
   It protects you from fire.
   It protects you from cold.
   It insulates you from electricity.
   It lets you see invisible.
Wands
 k - a wand of polymorph (4)
 p - a wand of paralysis (13)
 C - a wand of iceblast (9)
 E - a wand of flame (20)
 N - a wand of enslavement (5)
 T - a wand of random effects (11)
 U - a wand of acid (13)
Scrolls
 a - a scroll of immolation {unknown}
 l - 5 scrolls of teleportation
 s - 6 scrolls of remove curse
 u - 2 scrolls of amnesia
 v - 13 scrolls of identify
 z - 2 scrolls of enchant armour
 B - 3 scrolls of fog
 K - a scroll of summoning
 R - a scroll of noise {unknown}
 S - a scroll of magic mapping
Potions
 d - 2 potions of might
 e - 6 potions of haste
 g - 3 potions of heal wounds {unknown}
 h - a potion of magic {unknown}
 i - 2 potions of resistance {unknown}
 m - 6 potions of curing
 o - a potion of agility {unknown}
 q - 5 potions of berserk rage
 r - 3 potions of brilliance {unknown}
 w - a potion of flight {unknown}
 x - a potion of cancellation {unknown}
 G - a potion of ambrosia {unknown}
 H - 3 potions of degeneration {unknown}
 L - a potion of lignification {unknown}
Comestibles
 f - 17 rations


   Skills:
 + Level 12.7 Fighting
 * Level 13.4(14.0) Axes
   Level 7.4(11.9) Maces & Flails
 - Level 3.2 Armour
 - Level 3.2 Shields
 + Level 5.9 Invocations
 - Level 5.0 Evocations


You had 12 spell levels left.
You didn't know any spells.
Your spell library contained the following spells:

 Spells                   Type           Power        Failure   Level  Hunger
 Confusing Touch          Hex            #.....       52%         1    ##.....
 Corona                   Hex            #......      52%         1    ##.....
 Flame Tongue             Conj/Fire      #....        52%         1    ##.....
 Slow                     Hex            #.......     67%         2    ###....
 Throw Flame              Conj/Fire      #.....       67%         2    ###....
 Confuse                  Hex            #.......     88%         3    ####...
 Conjure Flame            Conj/Fire      #.......     88%         3    ####...
 Gell's Gravitas          Tloc           #.........   88%         3    ####...
 Inner Flame              Hex/Fire       #.......     88%         3    ####...
 Portal Projectile        Hex/Tloc       #.....       88%         3    ####...
 Cause Fear               Hex            #.........   99%         4    #####..
 Leda's Liquefaction      Hex/Erth       #.........   99%         4    #####..
 Petrify                  Tmut/Erth      #.......     99%         4    #####..
 Sticky Flame             Conj/Fire      #.......     99%         4    #####..
 Fireball                 Conj/Fire      #.........   100%        5    ######.
 Metabolic Englaciation   Hex/Ice        #.........   100%        5    ######.
 Yara's Violent Unravell  Hex/Tmut       #.........   100%        5    ######.


Dungeon Overview and Level Annotations

Branches:
Dungeon (13/15)            Temple (1/1) D:4            Lair (1/6) D:11
    Orc (0/2) D:12         Vaults (0/5) D:13

Altars:
Ashenzari
Cheibriados
Dithmenos
Fedhas
Gozag
Hepliaklqana
Kikubaaqudgha
Makhleb
Nemelex Xobeh
Okawaru
Qazlal
Ru
Sif Muna
Trog
Uskayaw
Vehumet
Wu Jian
Xom
Yredelemnul
Zin
The Shining One
Beogh

Shops:
D:5 ?   D:9 *

Annotations:
D:7 1 runed translucent door, DungeonDestroyer's ghost, novice MiFi


Innate Abilities, Weirdness & Mutations

You are resistant to torment.
Your stone body is resilient. (AC +9)
You are immune to poison.
You resist negative energy. (rN+)
You are resistant to electric shocks. (rElec)
You can survive without breathing.
You are immune to petrification.
You are immune to rotting.


Message History

The wyvern hisses angrily.
The crocodile bites you!
* * * LOW HITPOINT WARNING * * *
The wyvern barely misses you.
Found a falchion.
You hit the wyvern.
The wyvern is moderately wounded.
You hit the crocodile but do no damage.
You chop one of the 19-headed hydra's heads off!
The 18-headed hydra grows two more!
You hit the 20-headed hydra. The crocodile bites you!
* * * LOW HITPOINT WARNING * * *
The 20-headed hydra barely misses you. The 20-headed hydra misses you.
The 20-headed hydra bites you.
* * * LOW HITPOINT WARNING * * *
The 20-headed hydra bites you.
* * * LOW HITPOINT WARNING * * *
You block the 20-headed hydra's attack. The 20-headed hydra closely misses you.
The 20-headed hydra bites you!
You die...

#...........
♣♣♣♣♣♣...........
♣PP♣♣............
♣............... ♣♣
♣♣........[......
.♣♣♣.♣♣♣.......<........
........................
........t...............
......l@D...............
........................
)..$....................
#####.#####..#.#.##P####
## ######## ##


You could see a 20-headed hydra, a crocodile and a wyvern.

Vanquished Creatures
  4 vault guards (D:13)
  4 two-headed ogres
  2 centaur warriors (D:13)
  A deep elf knight (D:13)
  Nergalle (Lair:1)
  A deep elf archer (D:13)
  Pikel (D:7)
  An orc knight (D:13)
  An ugly thing (D:11)
  An oklob plant (Lair:1)
  A manticore (D:12)
  An elephant (D:11)
  Maurice (D:8)
  Psyche (D:8)
  2 gargoyles
  A spiny frog (Lair:1)
  2 tengu conjurers (D:13)
  A troll (D:13)
  A hornet (D:13)
  A hippogriff (D:8)
  12 yaks
  Eustachio (D:5)
  A human (D:13)
  Grum (D:11)
  A spriggan (D:10)
  2 wyverns
  2 basilisks (D:11)
  4 wargs (D:12)
  A water moccasin (D:8)
  A hornet zombie (D:11)
  7 orc warriors
  2 sky beasts
  4 ice beasts
  2 black bears
  8 ogres
  A necrophage (D:11)
  3 phantoms
  2 crocodiles
  3 wolves (D:11)
  9 centaurs
  8 bullfrogs
  A gnoll sergeant (D:7)
  5 water moccasin zombies (Ossuary)
  A wyvern skeleton (D:9)
  3 scorpions
  3 howler monkeys
  9 wights
  5 crimson imps
  9 orc priests
  7 orc wizards
  A bullfrog skeleton (D:13)
  3 hounds
  4 jellies
  4 centaur skeletons
  3 iguanas
  10 worker ants
  5 big kobold zombies (Ossuary)
  3 hound skeletons
  2 mummies (Ossuary)
  2 worker ant zombies
  A howler monkey skeleton (D:7)
  11 gnolls
  11 adders
  6 shadow imps
  An ooze (D:6)
  2 adder skeletons
  3 adder zombies (Ossuary)
  A worm (D:2)
  2 dart slugs
  4 leopard geckos
  72 orcs
  2 ball pythons
  8 giant cockroaches
  6 goblins
  7 hobgoblins
  11 jackals
  10 kobolds
  8 quokkas
  9 bats
  5 frilled lizards
  3 gnoll zombies (Ossuary)
  3 hobgoblin zombies (Ossuary)
  A jackal zombie (D:5)
  4 kobold zombies (Ossuary)
  A leopard gecko zombie (D:5)
  7 orc zombies (Ossuary)
  8 rats
  A plant (Lair:1)
392 creatures vanquished.

Vanquished Creatures (others)
  A slave (D:8)
  A centaur (D:8)
  An adder skeleton (D:8)
  3 plants (Lair:1)
6 creatures vanquished.

Grand Total: 398 creatures vanquished

Notes
Turn   | Place    | Note
-------+----------+-------------------------------------------
     0 | D:1      | zedzed the Gargoyle Fighter began the quest for the Orb.
     0 | D:1      | Reached XP level 1. HP: 14/14 MP: 1/1
   279 | D:1      | Reached XP level 2. HP: 19/19 MP: 2/2
   597 | D:1      | Reached XP level 3. HP: 20/24 MP: 3/3
  1403 | D:2      | Reached XP level 4. HP: 23/30 MP: 4/4
  1991 | D:3      | Found a hazy altar of Hepliaklqana.
  2131 | D:3      | Found a faded altar of an unknown god.
  2241 | D:3      | Found a blossoming altar of Fedhas.
  2522 | D:3      | Reached skill level 5 in Fighting
  2522 | D:3      | Reached XP level 5. HP: 18/35 MP: 5/5
  3109 | D:4      | Found a staircase to the Ecumenical Temple.
  3119 | Temple   | Entered the Ecumenical Temple
  3180 | Temple   | Became a worshipper of Warmaster Okawaru
  3785 | D:3      | Reached XP level 6. HP: 25/40 MP: 6/6
  3931 | D:4      | Found a burning altar of Makhleb.
  4326 | D:4      | Noticed an Executioner
  4329 | D:4      | Noticed a ynoxinul
  4329 | D:4      | Noticed an orange demon
  4428 | D:5      | Entered Level 5 of the Dungeon
  4543 | D:5      | Reached skill level 5 in Maces & Flails
  4702 | D:5      | Reached XP level 7. HP: 46/47 MP: 7/7
  4716 | D:5      | Reached * piety under Okawaru
  4817 | D:5      | Noticed Eustachio
  4849 | D:5      | Killed Eustachio
  4980 | D:5      | Found Iclovver's Magic Scroll Shoppe.
  4990 | D:5      | Bought a scroll of remove curse for 30 gold pieces
  4990 | D:5      | Bought a scroll of identify for 20 gold pieces
  5024 | D:5      | HP: 2/48 [gnoll/+0 halberd (3)]
  5623 | D:6      | Reached XP level 8. HP: 53/53 MP: 8/8
  5945 | D:6      | Reached ** piety under Okawaru
  6121 | D:6      | Reached skill level 1 in Axes
  6125 | D:6      | Reached skill level 2 in Axes
  6403 | D:6      | Found a glowing silver altar of Zin.
  6553 | D:6      | Reached skill level 3 in Axes
  6761 | D:7      | Reached skill level 4 in Axes
  6761 | D:7      | Reached XP level 9. HP: 57/60 MP: 9/9
  6953 | D:7      | Reached skill level 5 in Axes
  7136 | D:7      | Found a runed translucent door.
  7140 | D:7      | Found a shimmering altar of Xom.
  7140 | D:7      | Noticed DungeonDestroyer's ghost (novice MiFi)
  7141 | D:7      | Noticed a +1 long sword of chaos
  7198 | D:7      | Found a shadowy altar of Dithmenos.
  7465 | D:7      | Reached *** piety under Okawaru
  7465 | D:7      | Reached skill level 6 in Axes
  7839 | D:8      | Noticed Pikel
  7850 | D:7      | Killed Pikel
  7850 | D:7      | Reached skill level 7 in Axes
  7959 | D:8      | Noticed a two-headed ogre
  7970 | D:8      | Killed a two-headed ogre
  7970 | D:8      | Reached **** piety under Okawaru
  7970 | D:8      | Reached skill level 8 in Axes
  7970 | D:8      | Reached XP level 10. HP: 47/66 MP: 10/10
  7999 | D:8      | Noticed Psyche
  8021 | D:8      | Killed Psyche
  8178 | D:8      | Reached skill level 9 in Axes
  8268 | D:8      | Found a sand-covered staircase.
  8273 | Ossuary  | Entered an ossuary
  8526 | D:8      | Noticed Maurice
  8590 | D:8      | Killed Maurice
  8590 | D:8      | Reached ***** piety under Okawaru
  9041 | D:9      | Reached skill level 10 in Fighting
  9068 | D:9      | Reached skill level 1 in Evocations
  9198 | D:9      | Found Xoriaw's General Store.
  9322 | D:10     | Entered Level 10 of the Dungeon
  9392 | D:10     | Noticed a two-headed ogre
  9400 | D:10     | Killed a two-headed ogre
  9400 | D:10     | Reached skill level 10 in Axes
  9738 | D:10     | Reached XP level 11. HP: 73/73 MP: 12/12
 10284 | D:10     | Noticed a two-headed ogre
 10291 | D:10     | Killed a two-headed ogre
 10797 | D:11     | Received a gift from Okawaru
 11015 | D:11     | Found a staircase to the Lair.
 11020 | D:11     | Got a warped hand axe
 11024 | D:11     | Identified the cursed +0 hand axe of Fenecen {protect,
                  | rPois rC+ Stlth+} (You found it on level 11 of the Dungeon)
 11300 | D:11     | Noticed Grum
 11309 | D:11     | Killed Grum
 11309 | D:11     | Reached skill level 11 in Axes
 12411 | D:11     | Found a roughly hewn altar of Beogh.
 12766 | D:12     | Found a snail-covered altar of Cheibriados.
 12768 | D:12     | Noticed a cyan ugly thing
 12799 | D:11     | Killed a cyan ugly thing
 12870 | D:12     | Reached skill level 5 in Evocations
 12996 | D:12     | Received a gift from Okawaru
 13018 | D:12     | Reached XP level 12. HP: 80/80 MP: 15/15
 13035 | D:12     | Identified the ring "Boum Dat" {rElec rF+ rC+ Dex+3 SInv}
 13040 | D:12     | Reached skill level 1 in Invocations
 13071 | D:12     | Found a staircase to the Orcish Mines.
 13123 | D:12     | Reached skill level 12 in Axes
 13643 | D:13     | Noticed a centaur warrior
 13656 | D:13     | Killed a centaur warrior
 13972 | D:13     | Noticed a centaur warrior
 13984 | D:13     | Killed a centaur warrior
 14256 | D:13     | Noticed a vault guard
 14258 | D:13     | Noticed a deep elf knight
 14260 | D:13     | Noticed a vault guard
 14291 | D:13     | Killed a vault guard
 14467 | D:13     | Killed a deep elf knight
 14475 | D:13     | Reached ****** piety under Okawaru
 14559 | D:13     | Killed a vault guard
 14559 | D:13     | Received a gift from Okawaru
 14857 | D:13     | Found a gate to the Vaults.
 14857 | D:13     | Noticed a vault guard
 14858 | D:13     | Noticed a vault guard
 14866 | D:13     | Killed a vault guard
 14866 | D:13     | Reached skill level 13 in Axes
 14866 | D:13     | Reached skill level 5 in Invocations
 14880 | D:13     | Killed a vault guard
 15022 | D:13     | Noticed a two-headed ogre
 15029 | D:13     | Killed a two-headed ogre
 15029 | D:13     | Reached XP level 13. HP: 64/87 MP: 17/17
 15225 | Lair:1   | Entered Level 1 of the Lair of Beasts
 15225 | Lair:1   | Noticed Nergalle
 15242 | Lair:1   | Killed Nergalle
 15901 | Lair:1   | HP: 4/87 [17-headed hydra (6)]
 15953 | Lair:1   | HP: 1/87 [17-headed hydra (8)]
 16324 | Lair:1   | Slain by a 20-headed hydra

Skill      XL: |  1  2  3  4  5  6  7  8  9 10 11 12 |
---------------+-------------------------------------+-----
Fighting       | 4 5 6 7 8 9 10 11 12 | 12.7
Maces & Flails | 3 4 5 6 7 |  7.4
Axes           | 4 8 10 11 13 | 13.4
Evocations     | 2 5 |  5.0
Invocations    | 5 |  5.9
Armour         | |  3.2
Shields        | |  3.2

Action                   |  1- 3 |  4- 6 |  7- 9 | 10-12 | 13-15 || total
-------------------------+-------+-------+-------+-------+-------++-------
Melee: Flail             |   171 |   353 |   197 |       |       ||   721
       Hand axe          |       |       |   183 |   763 |    42 ||   988
Invok: Heroism           |       |       |     2 |     7 |     1 ||    10
       Finesse           |       |       |       |     2 |     1 ||     3
Evoke: Wand              |       |     1 |       |     3 |    11 ||    15
  Use: Scroll            |       |     3 |     2 |     9 |     1 ||    15
       Potion            |       |       |     2 |     4 |       ||     6
 Stab: Paralysed         |       |       |       |     1 |       ||     1
       Confused          |       |       |       |     7 |       ||     7
  Eat: Chunk             |     2 |     8 |     7 |    12 |       ||    29
       Ration            |       |     1 |     1 |     4 |     1 ||     7
Armor: Scale mail        |   109 |   176 |   174 |   173 |       ||   632
       Ring mail         |       |       |       |    40 |    59 ||    99
Dodge: Dodged            |    48 |   118 |   110 |   145 |    30 ||   451
Block: Shield            |   115 |   204 |   197 |   278 |       ||   794
       Buckler           |       |       |       |     3 |    23 ||    26
